 Seeded DCSS version 0.30-a0-534-gdc55766716 (webtiles) character file.

Game seed: 15565266575585844804 (custom seed)

768 innerfire433 the Trooper (level 7, -1/55 HPs)
             Began as a Demonspawn Monk on Dec 24, 2022.
             Slain by a hound (4 damage)
             ... on level 6 of the Dungeon.
             The game lasted 00:07:35 (3791 turns).

innerfire433 the Trooper (Demonspawn Monk)          Turns: 3791, Time: 00:07:36

Health: -1/55      AC: 12    Str: 14    XL:     7   Next: 52%
Magic:  7/7        EV:  5    Int: 17    God:
Gold:   268        SH:  0    Dex: 15    Spells: 6/6 levels left

rFire   . . .      SeeInvis .    y - +0 trident
rCold   . . .      Faith    .    F - +0 kite shield
rNeg    . . .      Spirit   .    t - +0 chain mail
rPois   +          Reflect  .    (no helmet)
rElec   .          Harm     .    (no cloak)
rCorr   .          Rampage  .    (no gloves)
Will    .....                    j - +0 pair of boots Stlth
                                 (no amulet)
HPRegen 0.29/turn                f - +6 ring of intelligence
MPRegen 0.20/turn                p - ring of poison resistance

@: confused, brilliant, ambrosia-drunk, hasted, very quick
A: molten scales 1, magic regeneration, demonic touch 1
a: no special abilities


You were on level 6 of the Dungeon.
You visited 1 branch of the dungeon, and saw 6 of its levels.

You collected 268 gold pieces.

Inventory:

Hand Weapons
 a - a +0 spear
 y - a +0 trident (weapon)
 D - a +2 dagger of venom
Armour
 b - a +0 robe
 j - a +0 pair of boots (worn)
 l - a +0 plate armour
 t - a +0 chain mail (worn)
 x - a +1 robe of willpower
 F - a +0 kite shield (worn)
Magical Staves
 A - a staff of poison
Jewellery
 f - a +6 ring of intelligence (left hand)
 p - a ring of poison resistance (right hand)
Scrolls
 g - 5 scrolls of identify {unknown}
 h - 6 scrolls of amnesia {unknown}
 m - a scroll of vulnerability {unknown}
 n - 2 scrolls of teleportation {unknown}
 o - a scroll of silence {unknown}
 r - 4 scrolls of fog {unknown}
 s - a scroll of enchant armour {unknown}
 u - 2 scrolls of magic mapping {unknown}
 z - 3 scrolls of blinking {unknown}
 C - a scroll of noise {unknown}
 E - a scroll of enchant weapon {unknown}
Potions
 c - 2 potions of ambrosia
 d - a potion of flight {unknown}
 e - 3 potions of curing {unknown}
 i - a potion of might {unknown}
 q - 2 potions of lignification {unknown}
 w - a potion of heal wounds {unknown}
 B - a potion of degeneration {unknown}


   Skills:
 + Level 4.8 Fighting
 + Level 4.3 Polearms
 * Level 4.6 Armour
 + Level 4.3 Dodging
 - Level 1.7 Stealth


You had 6 spell levels left.
You didn't know any spells.
Your spell library contained the following spells:

 Spells                   Type           Power      Damage    Failure   Level
 Dazzling Flash           Conj/Hex       0%         N/A       100%        3
 Tukima's Dance           Hex            0%         N/A       100%        3
 Ice Form                 Ice/Tmut       0%         N/A       100%        4


Dungeon Overview and Level Annotations

Branches:
Dungeon (6/15)
 Temple: D:4-7

Altars:
Hepliaklqana
Wu Jian

Shops:
D:4 :

Annotations:
D:3 2 transporters


Innate Abilities, Weirdness & Mutations

You are partially covered in molten scales. (AC +2)
You regenerate magic rapidly.
Your touch may inflict minor irresistible damage on your foes.


Message History

The black bear bites you but does no damage.
The black bear claws you.
* * * LOW HITPOINT WARNING * * *
You block the black bear's attack. The hound barely misses you.
The black bear bites you.
* * * LOW HITPOINT WARNING * * *
The black bear claws you.
* * * LOW HITPOINT WARNING * * *
The black bear claws you.
* * * LOW HITPOINT WARNING * * *
You are confused.
You feel invigorated. The hound completely misses you.
The black bear bites you.
* * * LOW HITPOINT WARNING * * *
The black bear claws you but does no damage. x2
You closely miss the black bear.
The black bear is almost dead.
The hound bites you but does no damage. The black bear bites you.
The black bear claws you but does no damage.
The black bear claws you.
* * * LOW HITPOINT WARNING * * *
The hound bites you.
* * * LOW HITPOINT WARNING * * *
The black bear bites you.
* * * LOW HITPOINT WARNING * * *
The black bear claws you but does no damage.
The black bear barely misses you.
It was a potion of haste.
You feel yourself speed up. The hound bites you.
* * * LOW HITPOINT WARNING * * *
The black bear closely misses you. The black bear claws you.
* * * LOW HITPOINT WARNING * * *
The black bear claws you.
* * * LOW HITPOINT WARNING * * *
The hound bites you but does no damage. The black bear barely misses you. x3
It was a potion of brilliance.
You feel clever all of a sudden. The black bear closely misses you.
The black bear claws you.
* * * LOW HITPOINT WARNING * * *
The black bear barely misses you. The hound bites you.
You die...

##.###.#
#.....####
###.......[.
####...........
##............#
......)<.....#
.....##).....#
.......h.....#
..!..###@#....#
.... #h##....
... #.# .... ..
#.. ..# . .(#
## ###


You could see a black bear (berserk) and a hound.

Vanquished Creatures
  2 phantoms
  2 necrophages (D:5)
  A scorpion (D:4)
  2 hounds (D:5)
  A jelly (D:5)
  3 iguanas
  5 orc wizards
  3 adders
  A river rat (D:5)
  A shadow imp (D:5)
  An ufetubus (D:6)
  A worm (D:2)
  2 dart slugs
  12 orcs
  7 bats
  5 endoplasms
  4 giant cockroaches
  6 goblins
  7 hobgoblins
  8 jackals
  A quokka (D:3)
  9 ball pythons
  A frilled lizard (D:2)
  6 kobolds
  7 rats
98 creatures vanquished.

Vanquished Creatures (others)
  A plant (D:5)
1 creature vanquished.

Grand Total: 99 creatures vanquished

Notes
Turn   | Place    | Note
-------+----------+-------------------------------------------
     0 | D:1      | innerfire433 the Demonspawn Monk began the quest for the
                  | Orb.
     0 | D:1      | Reached XP level 1. HP: 18/18 MP: 1/1
   144 | D:1      | Gained mutation: Your touch may inflict minor irresistible
                  | damage on your foes. [demonic ancestry]
   144 | D:1      | Reached XP level 2. HP: 24/24 MP: 2/2
   202 | D:1      | Reached skill level 1 in Armour
   481 | D:1      | Got Tekker's Commentary on Moulding and Hexing
   766 | D:2      | Reached XP level 3. HP: 29/29 MP: 3/3
   856 | D:2      | Found a faded altar of an unknown god.
   856 | D:2      | Noticed a hellion
  1506 | D:3      | Found a transporter.
  1510 | D:3      | Found a transporter.
  1927 | D:4      | Found a hazy altar of Hepliaklqana.
  2039 | D:4      | Gained mutation: You are partially covered in molten
                  | scales. (AC +2) [demonic ancestry]
  2039 | D:4      | Reached XP level 4. HP: 35/35 MP: 4/4
  2049 | D:4      | Found an ornate altar of the Wu Jian Council.
  2123 | D:4      | Found Upsamnoa's Book Boutique.
  2126 | D:4      | Noticed a phantom
  2139 | D:4      | Killed a phantom
  2140 | D:4      | Gained mutation: You regenerate magic rapidly. [demonic
                  | ancestry]
  2140 | D:4      | Reached XP level 5. HP: 35/42 MP: 5/5
  2601 | D:4      | Reached XP level 6. HP: 48/48 MP: 6/6
  2709 | D:5      | Entered Level 5 of the Dungeon
  3254 | D:5      | Reached XP level 7. HP: 53/55 MP: 7/7
  3790 | D:6      | HP: 2/55 [black bear (1)]
  3791 | D:6      | Slain by a hound

Illustrated notes

Levels and vault maps discovered:
D:1:      eino_arrival_druids_welcome, layout_loops_ring
D:2:      layout_rooms, dreamdust_ecumenical_altar_sealed_demon,
          minmay_split_cup_large
D:3:      gammafunk_steamed_eel, layout_rooms, chequers_serial_rivers_room_b,
          chequers_jeans
D:4:      layout_cave_pods, nicolae_wu_jian_wuxing_cycle, kennysheep_little_box,
          serial_shops, shop
D:5:      kennysheep_six_static_rooms, layout_gridville, portal_sewer_entry_e,
          serial_bayou_lake_a
D:6:      layout_loops_ring, chequers_temple_overflow_statue_of_worship,
          gammafunk_ghost_abyssal_escape

Skill      XL: |  1  2  3  4  5  6 |
---------------+-------------------+-----
Armour         | 1 2 3 4 |  4.6
Polearms       | 3 4 |  4.3
Dodging        | 3 4 |  4.3
Fighting       | 4 |  4.8
Stealth        | |  1.7

Action                   |  1- 3 |  4- 6 |  7- 9 || total
-------------------------+-------+-------+-------++-------
Melee: Spear             |   161 |    39 |       ||   200
       Punch             |     1 |       |       ||     1
       Touch             |    23 |    20 |     4 ||    47
       Trident           |       |    94 |    97 ||   191
  Use: Potion            |       |       |     3 ||     3
 Stab: Sleeping          |     2 |       |       ||     2
Armor: Robe              |    13 |       |       ||    13
       Plate armour      |    37 |       |       ||    37
       Chain mail        |       |    74 |    95 ||   169
Dodge: Dodged            |    51 |    40 |    38 ||   129
Block: Kite shield       |       |       |    40 ||    40

Table legend: (Time is in decaauts)
 A = Elapsed time spent in this place.
 B = Non-inter-level travel time spent in this place.
 C = Inter-level travel time spent in this place.
 D = Time resting spent in this place.
 E = Time spent auto-exploring this place.
 F = Levels seen in this place.
 G = Mean time per level.
                   A        B        C        D        E       F      G
               +--------+--------+--------+--------+--------+-----+--------+
         Total |   3834 |   3710 |    124 |      0 |   2819 |   6 |  639.0 |
       Dungeon |   3834 |   3710 |    124 |      0 |   2819 |   6 |  639.0 |
               +--------+--------+--------+--------+--------+-----+--------+

Top non-repeatable levels by time:
     D:5: 1087 daAuts
     D:4: 900 daAuts
     D:1: 756 daAuts
     D:2: 547 daAuts
     D:3: 499 daAuts
     D:6: 43 daAuts
